 Dungeon Crawl Stone Soup version 0.16-a0-3596-g438c78e (webtiles) character file.

235 PolkaDot the Vexing (level 5, -2/35 HPs)
             Began as a Vampire Enchanter on Jan 12, 2015.
             Slain by an ogre
             ... wielding a +0 giant club
              (29 damage)
             ... on level 4 of the Dungeon.
             The game lasted 00:11:12 (4542 turns).

PolkaDot the Vexing (Vampire Enchanter)             Turns: 4542, Time: 00:11:13

Health: -2/35      AC:  6    Str:  7    XL:     5   Next: 76%
Magic:  7/9        EV: 12    Int: 18    God:
Gold:   173        SH:  0    Dex: 14    Spells: 3 memorised, 2 levels left

rFire  . . .     SeeInvis +     s - +2 dagger (venom)
rCold  + + .     Clarity  .     b - +1 robe
rNeg   + + +     SustAb   .     (no shield)
rPois  ∞         Gourm    .     k - +0 helmet
rElec  .         Spirit   .     (no cloak)
rCorr  .         Warding  .     n - +0 pair of gloves
rMut   .         Stasis   .     l - +0 pair of boots
MR     .....                    (no amulet)
Stlth  ++++......               (no ring)
                                (no ring)

@: bloodless, non-regenerating, not resistant to hostile enchantments, stealthy
A: bottle blood, fangs 3, see invisible, unbreathing
a: Bat Form


You were on level 4 of the Dungeon.
You were bloodless.

You visited 1 branch of the dungeon, and saw 4 of its levels.

You collected 173 gold pieces.

Inventory:

Hand weapons
 s - a +2 dagger of venom (weapon)
Armour
 b - a +1 robe (worn)
 k - a +0 helmet (worn)
 l - a +0 pair of boots (worn)
 n - a +0 pair of gloves (worn)
Magical devices
 i - a wand of flame (25)
Scrolls
 a - a scroll of remove curse {unknown}
 d - 3 scrolls of identify {unknown}
 e - 4 scrolls of fog {unknown}
 f - a scroll of immolation {unknown}
 g - 3 scrolls of teleportation {unknown}
 h - a scroll of amnesia {unknown}
 j - a scroll of magic mapping {unknown}
 r - a scroll of blinking {unknown}
Potions
 m - 2 potions of might {unknown}
 o - a potion of cure mutation {unknown}
 p - a potion of heal wounds {unknown}
 q - a potion of resistance {unknown}
Books
 c - a book of Maledictions

   Spells                             Type                      Level
   a - Corona                         Hexes                        1
   b - Sure Blade                     Hexes/Charms                 2
   c - Ensorcelled Hibernation        Hexes/Ice                    2
   d - Confuse                        Hexes                        3
   e - Dazzling Spray                 Conjuration/Hexes            3
   f - Enslavement                    Hexes                        4


   Skills:
 + Level 2.9 Short Blades
 - Level 2.1 Dodging
 + Level 6.2 Stealth
 - Level 2.0 Spellcasting
 * Level 7.3 Hexes
 - Level 1.1 Ice Magic


You had 2 spell levels left.
You knew the following spells:

 Your Spells              Type           Power        Failure   Level  Hunger
a - Corona                Hex            ####...      1%          1    #......
c - Confuse               Hex            ####....     2%          3    ###....
d - Ensorcelled Hibernat  Hex/Ice        ###...       6%          2    ###....


Dungeon Overview and Level Annotations

Branches:
Dungeon (4/15)
 Temple: D:4-7

Altars:
Okawaru


Innate Abilities, Weirdness & Mutations

You do not heal naturally.
You can bottle blood from corpses.
You have razor-sharp teeth.
You have supernaturally acute eyesight.
You can survive without breathing.


Message History

You see here a hobgoblin corpse.
Things that are here:
a spear; a gnoll skeleton
g - 3 scrolls labeled PUORYH VAIRADE (gained 1)
a - a scroll labeled GHIAW EROCS You see here a spear.
q - a yellow potion You now have 173 gold pieces (gained 9).
There is a stone staircase leading up here.
An ogre comes into view. It is wielding a giant club.
The ogre shouts!
Casting: Ensorcelled Hibernation
Confirm with . or Enter, or press ? or * to list all spells.
Aiming: Ensorcelled Hibernation
Press: ? - help, Shift-Dir - straight line, f - ogre
Aim: an ogre, wielding a giant club (chance 48%)
The ogre looks drowsy...
The ogre hits you with a giant club!!
Ouch! That really hurt!
You die...

.# ##......#(..... ...
####.......... .....
#.########. .... ###.#
#... #.... #...# #.#.
#.#.####.########... $
#.#...##.##.........
#....#..##.##.#..###..###
#..>...O@...#...####.##..
#.##.#.###...<.....)....#
.. ####.............. ...
............)....## ...
................... .
....................
..#...#.##.########
......>.... ##........>


You could see an ogre.

Vanquished Creatures
  Robin (D:2)
  6 adders
  4 gnolls (D:4)
  A giant mite (D:2)
  4 worms
  5 orcs (D:3)
  2 ball pythons
  6 giant cockroaches
  20 goblins
  7 hobgoblins
  5 jackals
  9 kobolds
  3 oozes
  4 quokkas
  6 bats
  2 giant geckos
  3 giant newts
  A quokka skeleton (D:3)
  6 rats
95 creatures vanquished.

Notes
Turn   | Place    | Note
--------------------------------------------------------------
     0 | D:1      | PolkaDot, the Vampire Enchanter, began the quest for the Orb.
     0 | D:1      | Reached XP level 1. HP: 13/13 MP: 3/3
   556 | D:1      | Reached XP level 2. HP: 4/19 MP: 1/4
   560 | D:1      | Learned a level 2 spell: Ensorcelled Hibernation
  1107 | D:1      | Reached skill level 5 in Hexes
  1457 | D:1      | Reached skill level 1 in Ice Magic
  1457 | D:1      | Reached XP level 3. HP: 16/24 MP: 3/6
  1517 | D:2      | Reached skill level 5 in Stealth
  1526 | D:2      | Noticed Robin
  1626 | D:2      | Killed Robin
  1966 | D:2      | Learned a level 3 spell: Confuse
  2072 | D:2      | Reached XP level 4. HP: 30/30 MP: 0/7
  2159 | D:2      | Found an iron altar of Okawaru.
  2190 | D:2      | Reached skill level 6 in Hexes
  2975 | D:3      | Reached XP level 5. HP: 35/35 MP: 3/9
  3934 | D:4      | Reached skill level 7 in Hexes
  4537 | D:4      | Noticed an ogre
  4542 | D:4      | Slain by an ogre

Action                   |  1- 3 |  4- 6 || total
-------------------------+-------+-------++-------
Melee: Dagger            |   101 |   164 ||   265
 Cast: Corona            |     8 |     1 ||     9
       Ensorcelled Hiber |    23 |    37 ||    60
  Use: Potion            |     2 |       ||     2
 Stab: Sleeping          |    20 |    38 ||    58
       Distracted        |     1 |     1 ||     2
